 Dungeon Crawl Stone Soup version 0.23-a0-183-gf37f6fb (webtiles) character file.

91 4thArraOfDagon the Slasher (level 4, 12/33 HPs)
             Began as a Mummy Warper on Sept 21, 2018.
             Was an Initiate of Ru.
             Quit the game on level 6 of the Dungeon.
             The game lasted 00:05:03 (1522 turns).

4thArraOfDagon the Slasher (Mummy Warper)           Turns: 1522, Time: 00:05:04

Health: 12/33      AC:  5    Str: 14    XL:     4   Next: 33%
Magic:  8/8        EV: 10    Int: 13    God:    Ru [......]
Gold:   79         SH:  0    Dex: 11    Spells: 6/8 levels left

rFire    x . .     SeeInvis .   a - +0 falchion
rCold    + . .     Gourm    .   (no shield)
rNeg     + + +     Faith    .   c - +0 ring mail
rPois    ∞         Spirit   .   (no helmet)
rElec    .         Reflect  .   (no cloak)
rCorr    .         Harm     .   (no gloves)
MR       .....                  (no boots)
Stlth    +.........             (no amulet)
HPRegen  0.11/turn              (no ring)
MPRegen  0.11/turn              (no ring)

@: no status effects
A: no food or potions, fire vulnerability, cold resistance 1, negative energy
resistance 3, torment resistance, unbreathing
a: Renounce Religion


You were on level 6 of the Dungeon.
You worshipped Ru.
Ru was noncommittal.
You were not hungry.

You visited 2 branches of the dungeon, and saw 7 of its levels.

You collected 79 gold pieces.

Inventory:

Hand Weapons
 a - a +0 falchion (weapon)
 d - a +0 blowgun
Missiles
 e - 2 tomahawks of dispersal (quivered)
 g - 2 throwing nets
 i - 12 poisoned needles
Armour
 b - a +0 leather armour
 c - a +0 ring mail (worn)
Scrolls
 f - a scroll of fog
 h - 2 scrolls of amnesia


   Skills:
 - Level 2.0 Fighting
 * Level 3.8 Long Blades
 - Level 0.7 Throwing
 - Level 0.7 Armour
 - Level 1.5 Dodging
 - Level 2.6 Spellcasting
 - Level 2.4 Translocations


You had 6 spell levels left.
You knew the following spells:

 Your Spells              Type           Power        Failure   Level  Hunger
a - Blink                 Tloc           N/A          26%         2    N/A

Your spell library contained the following spells:

 Spells                   Type           Power        Failure   Level  Hunger
 Shroud of Golubria       Chrm/Tloc      #.........   41%         2    N/A
 Gell's Gravitas          Tloc           #.........   47%         3    N/A
 Lesser Beckoning         Tloc           #.........   47%         3    N/A
 Teleport Other           Tloc           #.......     47%         3    N/A
 Passage of Golubria      Tloc           N/A          87%         4    N/A

Dungeon Overview and Level Annotations

Branches:
Dungeon (6/15)             Temple (1/1) D:4

Altars:
Fedhas
Gozag
Hepliaklqana
Makhleb
Ru
Sif Muna
Trog
Uskayaw
Vehumet
Wu Jian
Xom
Yredelemnul
Zin
The Shining One

Annotations:
D:5 Blork the orc


Innate Abilities, Weirdness & Mutations

You do not eat or drink.
Your flesh is vulnerable to fire.
You are immune to poison.
Your flesh is cold resistant. (rC+)
You are immune to negative energy. (rN+++)
You are immune to unholy pain and torment.
You can survive without breathing.


Message History

A sky beast appears from thin air!
Reactivating autopickup.
Found a pink potion.
A bullfrog comes into view.
The bullfrog gives a loud, deep croak!
Unknown command.
The bullfrog hits you.
Unknown command.
You hit the bullfrog.
The bullfrog is lightly wounded.
The bullfrog hits you!
Unknown command.
You completely miss the bullfrog.
The bullfrog is lightly wounded.
The bullfrog hits you.
The sky beast hits you but does no damage.
The bullfrog hits you.
Unknown command.
Okay, then.
Are you sure you want to abandon this character and quit the game? (Confirm

#.. #.# ..# ##
#.# #..#....
..# #..#...#
#.# #..#...###
#.# #.........
#F# #.........
#@###........
#!Y........#
#####..#$..###
### #.........
.. #.########
#. #.# #.
#.###########.
#..........###
##########....


You could see a sky beast and a bullfrog.

Vanquished Creatures
  A worker ant (D:5)
  3 adders
  An adder skeleton (D:4)
  2 leopard geckos
  A bat (D:1)
  4 giant cockroaches
  3 goblins
  3 hobgoblins
  6 jackals
  5 kobolds
  4 frilled lizards (D:1)
  A rat (D:1)
34 creatures vanquished.

Notes
Turn   | Place    | Note
-------+----------+-------------------------------------------
     0 | D:1      | 4thArraOfDagon the Mummy Warper began the quest for the
                  | Orb.
     0 | D:1      | Reached XP level 1. HP: 16/16 MP: 4/4
    19 | D:1      | Reached skill level 2 in Long Blades
   113 | D:1      | Reached XP level 2. HP: 22/22 MP: 5/5
   572 | D:1      | Reached XP level 3. HP: 27/27 MP: 7/7
   579 | D:1      | Learned a level 2 spell: Blink
   789 | D:2      | Found a burning altar of Makhleb.
   803 | D:3      | Reached skill level 3 in Long Blades
  1109 | D:5      | Entered Level 5 of the Dungeon
  1151 | D:5      | Reached XP level 4. HP: 22/33 MP: 8/8
  1185 | D:4      | Found a staircase to the Ecumenical Temple.
  1192 | Temple   | Entered the Ecumenical Temple
  1233 | Temple   | Became a worshipper of Ru the Awakened
  1430 | D:5      | Noticed Blork the orc
  1496 | D:6      | Noticed a sky beast
  1518 | D:6      | Noticed a bullfrog
  1522 | D:6      | Quit the game

Vault maps used:
D:1:      tarquinn_simple_flora_water_e, minmay_pentomino_w4
D:2:      lemuel_doored_altar
D:3:      uniq_natasha
D:4:      minmay_temple_entry_junction_2, enter_ossuary_3, first_ration
D:5:      grunt_qazlal_sundering, uniq_blork_the_orc
D:6:      old_standard_altar, slow_altar_1, gammafunk_ghost_grave,
          fedhas_altar_decomposition
Temple:   cyrus_circular_temple

Skill      XL: |  1  2  3 |
---------------+----------+-----
Long Blades    | 2 3 |  3.8
Fighting       | |  2.0
Throwing       | |  0.7
Armour         | |  0.7
Dodging        | |  1.5
Spellcasting   | |  2.6
Translocations | |  2.4

Action                   |  1- 3 |  4- 6 || total
-------------------------+-------+-------++-------
Melee: Falchion          |   117 |    16 ||   133
 Fire: Blowgun           |     9 |       ||     9
Throw: Tomahawk          |     3 |       ||     3
  Use: Scroll            |     1 |     5 ||     6
Armor: Leather armour    |     4 |       ||     4
       Ring mail         |    49 |    16 ||    65
Dodge: Dodged            |   103 |    24 ||   127
       Rpst.: Falchion   |    31 |    13 ||    44

Table legend:
 A = Non-vault XP
 B = Vault XP
 C = Vault XP percentage of total XP
 D = Non-vault monster count
 E = Vault monster count
 F = Vault count percentage of total count
                 A         B        C        D         E       F
            +---------+---------+-------+---------+---------+-------
      Total |     119 |      11 |   8.5 |      28 |       6 |  17.6
            +---------+---------+-------+---------+---------+-------
        D:1 |      24 |      11 |  31.4 |      14 |       6 |  30.0
        D:2 |       6 |       0 |   0.0 |       3 |       0 |   0.0
        D:3 |      32 |       0 |   0.0 |       5 |       0 |   0.0
        D:4 |      18 |       0 |   0.0 |       2 |       0 |   0.0
        D:5 |      37 |       0 |   0.0 |       3 |       0 |   0.0
     Temple |       2 |       0 |   0.0 |       1 |       0 |   0.0
            +---------+---------+-------+---------+---------+-------
